 Dungeon Crawl Stone Soup version 0.23-a0-550-g7de1f8e (webtiles) character file.

4069 Azzok the Cleaver (level 10, -2/83 HPs)
             Began as a Ghoul Fighter on Dec 9, 2018.
             Was an Elder of Okawaru.
             Slain by a freezing wraith (7 damage)
             ... led by a death knight
             ... on level 9 of the Dungeon.
             The game lasted 00:14:16 (9016 turns).

Azzok the Cleaver (Ghoul Fighter)                   Turns: 9016, Time: 00:14:16

Health: -2/83      AC: 13    Str: 24    XL:     10   Next: 25%
Magic:  0/14       EV:  7    Int:  3    God:    Okawaru [****..]
Gold:   251        SH: 11    Dex:  8    Spells: 9/9 levels left

rFire    . . .     SeeInvis .   B - +5 morningstar (freeze)
rCold    + . .     Gourm    .   c - +0 shield
rNeg     + + +     Faith    .   t - +0 plate armour
rPois    ∞         Spirit   +   (no helmet)
rElec    .         Reflect  .   (no cloak)
rCorr    .         Harm     .   (no gloves)
MR       .....                  (no boots)
Stlth    ..........             o - amulet of guardian spirit
HPRegen  0.00/turn              (no ring)
MPRegen  0.14/turn              (no ring)

@: heroism, rotting, hasted and slowed
A: rotting body, claws 1, carnivore, cold resistance 1, negative energy
resistance 3, inhibited regeneration, torment resistance, unbreathing
a: Heroism, Renounce Religion


You were on level 9 of the Dungeon.
You worshipped Okawaru.
Okawaru was greatly pleased with you.
You were not hungry.

You visited 2 branches of the dungeon, and saw 10 of its levels.
You also visited: Ossuary.

You collected 426 gold pieces.
You spent 175 gold pieces at shops.

Inventory:

Hand Weapons
 a - a +0 war axe
 B - a +5 morningstar of freezing (weapon)
Missiles
 u - 3 javelins (quivered)
Armour
 c - a +0 shield (worn)
 t - a +0 plate armour (worn)
Jewellery
 o - an amulet of guardian spirit (around neck)
Wands
 d - a wand of paralysis (4)
 l - a wand of polymorph (26)
 s - a wand of scattershot (3)
 w - a wand of iceblast (12)
 y - a wand of random effects (16)
 E - a wand of digging (4)
Scrolls
 e - 6 scrolls of remove curse
 h - 2 scrolls of random uselessness {unknown}
 i - a scroll of fog {unknown}
 j - 8 scrolls of teleportation
 m - 2 scrolls of amnesia {unknown}
 q - 4 scrolls of fear
 r - a scroll of blinking
 v - 2 scrolls of enchant armour {unknown}
 x - a scroll of silence {unknown}
 A - a scroll of immolation {unknown}
 D - a scroll of identify
Potions
 b - a potion of haste
 g - a potion of magic
 k - 2 potions of heal wounds
 n - 3 potions of curing
 z - a potion of cancellation {unknown}
Comestibles
 f - 16 rations
 C - 3 chunks of flesh


   Skills:
 + Level 5.8(10.8) Fighting
 + Level 10.9(15.9) Axes
 - Level 2.6(7.6) Armour
 - Level 2.6(7.6) Shields
 + Level 7.7 Invocations


You had 9 spell levels left.
You didn't know any spells.
Your spell library was empty.

Dungeon Overview and Level Annotations

Branches:
Dungeon (9/15)             Temple (1/1) D:5
   Lair: D:8-11         Orc: D:9-12

Altars:
Ashenzari
Cheibriados
Elyvilon
Fedhas
Hepliaklqana
Kikubaaqudgha
Makhleb
Nemelex Xobeh
Okawaru
Qazlal
Trog
Wu Jian
Xom
Zin
The Shining One

Shops:
D:5 *

Annotations:
D:3 1 runed door, mhoghedin's ghost, amateur KoAr


Innate Abilities, Weirdness & Mutations

Your body is rotting away.
You thrive on raw meat.
You are immune to poison.
You have sharp fingernails.
You are carnivorous and can eat meat at any time.
Your flesh is cold resistant. (rC+)
You are immune to negative energy. (rN+++)
You do not regenerate when monsters are visible.
You are immune to unholy pain and torment.
You can survive without breathing.


Message History

You block the freezing wraith's attack.
You gain the combat prowess of a mighty hero.
* * * LOW MAGIC WARNING * * *
The freezing wraith barely misses you. The freezing wraith misses you.
Unknown command.
Okay, then.
You hit the freezing wraith.
The freezing wraith is heavily damaged.
The freezing wraith hits you!
* * * LOW HITPOINT WARNING * * *
The freezing wraith freezes you. You resist.
* * * LOW HITPOINT WARNING * * *
The freezing wraith hits you.
* * * LOW HITPOINT WARNING * * *
The freezing wraith drains your vigour!
You feel as though you will be slow longer.
You hit the freezing wraith.
The freezing wraith is heavily damaged.
The freezing wraith hits you!
You die...

▒▒▒▒▒
▒▒▒▒▒▒▒▒▒▒▒······
▒···▒▒·@WWW······ ▒▒▒
▒···▒▒·▒▒▒▒·▒▒▒▒▒
··▒▒▒▒▒▒▒▒···▒▒·▒ ▒
▒·▒▒··(·········▒
▒··················(·▒
▒▒▒▒·▒▒·[·····(·▒▒▒···
▒·▒▒▒▒▒···▒▒·▒ ▒ ▒·▒
▒···▒▒·▒
▒▒▒▒·▒▒▒▒▒···▒▒·▒


You could see 2 freezing wraiths and a wraith.

Vanquished Creatures
  Prince Ribbit (D:6)
  2 hippogriffs
  A wyvern (D:8)
  2 wraiths (Ossuary)
  2 orc warriors
  An ice beast (D:8)
  3 phantoms
  3 sky beasts
  2 ogres
  2 centaurs (D:6)
  5 bullfrogs
  8 wights
  A centaur zombie (Ossuary)
  2 crimson imps
  5 hounds
  2 bullfrog zombies
  2 jellies
  4 orc priests
  A bullfrog skeleton (D:5)
  7 orc wizards
  11 worker ants
  2 hound zombies
  A worker ant zombie (D:5)
  16 adders
  3 shadow imps
  An ooze (D:4)
  A worm (D:3)
  A dart slug (D:3)
  5 leopard geckos
  39 orcs
  A ball python (D:2)
  7 bats
  7 giant cockroaches
  5 hobgoblins
  15 jackals
  5 quokkas
  A ball python skeleton (Ossuary)
  3 frilled lizards
  3 goblins
  A hobgoblin skeleton (Ossuary)
  5 kobolds
  A leopard gecko skeleton (D:5)
  2 orc skeletons (Ossuary)
  An orc zombie (Ossuary)
  5 rats
198 creatures vanquished.

Notes
Turn   | Place    | Note
-------+----------+-------------------------------------------
     0 | D:1      | Azzok the Ghoul Fighter began the quest for the Orb.
     0 | D:1      | Reached XP level 1. HP: 19/19 MP: 0/0
    52 | D:1      | Reached skill level 2 in Axes
   309 | D:1      | Reached XP level 2. HP: 26/26 MP: 1/1
  1082 | D:2      | Reached skill level 3 in Axes
  1082 | D:2      | Reached XP level 3. HP: 28/30 MP: 2/2
  1576 | D:3      | Found a faded altar of an unknown god.
  1600 | D:3      | Reached XP level 4. HP: 38/38 MP: 3/3
  1680 | D:3      | Found a runed door.
  1734 | D:3      | Found a shimmering altar of Xom.
  1734 | D:3      | Found a shimmering altar of Xom.
  1735 | D:3      | Found a shimmering altar of Xom.
  1735 | D:3      | Found a shimmering altar of Xom.
  1780 | D:3      | Reached skill level 4 in Axes
  1850 | D:3      | Reached XP level 5. HP: 42/45 MP: 4/4
  2718 | D:3      | Noticed mhoghedin's ghost (amateur KoAr)
  2773 | D:4      | Reached skill level 5 in Axes
  2849 | D:4      | Noticed a phantom
  2901 | D:4      | Killed a phantom
  2901 | D:4      | Reached XP level 6. HP: 16/51 MP: 5/5
  3105 | D:4      | Reached skill level 6 in Axes
  3654 | D:4      | Found an ancient bone altar of Kikubaaqudgha.
  3657 | D:4      | Found a blossoming altar of Fedhas.
  3657 | D:4      | Found a snail-covered altar of Cheibriados.
  3670 | D:4      | Found a shimmering altar of Xom.
  3701 | D:4      | Found a bloodstained altar of Trog.
  3850 | D:5      | Entered Level 5 of the Dungeon
  3850 | D:5      | Noticed an orc warrior
  3883 | D:5      | Killed an orc warrior
  3883 | D:5      | Reached XP level 7. HP: 12/57 MP: 6/6
  4272 | D:5      | Reached skill level 7 in Axes
  4338 | D:5      | Found a staircase to the Ecumenical Temple.
  4380 | Temple   | Entered the Ecumenical Temple
  4502 | Temple   | Became a worshipper of Warmaster Okawaru
  4762 | D:5      | Reached skill level 1 in Invocations
  4815 | D:5      | Found Widd's General Store.
  4829 | D:5      | Bought a scroll of identify for 22 gold pieces
  4829 | D:5      | Bought a scroll of fear for 38 gold pieces
  4829 | D:5      | Bought a scroll of teleportation for 33 gold pieces
  4829 | D:5      | Bought a scroll of blinking for 82 gold pieces
  5099 | D:6      | Noticed Prince Ribbit
  5303 | D:5      | Reached * piety under Okawaru
  5438 | D:6      | Reached skill level 8 in Axes
  5438 | D:6      | Reached XP level 8. HP: 38/63 MP: 7/9
  5600 | D:6      | Killed Prince Ribbit
  5915 | D:6      | Reached ** piety under Okawaru
  6181 | D:6      | Reached skill level 9 in Axes
  6267 | D:6      | Found a glowing golden altar of the Shining One.
  6450 | D:6      | Found a glowing silver altar of Zin.
  6451 | D:6      | Found a white marble altar of Elyvilon.
  6703 | D:7      | Reached skill level 5 in Invocations
  6703 | D:7      | Reached XP level 9. HP: 51/70 MP: 9/11
  7070 | D:7      | Found a sand-covered staircase.
  7077 | Ossuary  | Entered an ossuary
  7415 | Ossuary  | HP: 3/68 [wight/+5 morningstar of freezing (1)]
  7419 | Ossuary  | Reached skill level 10 in Axes
  7976 | D:8      | Reached *** piety under Okawaru
  8339 | D:8      | Reached **** piety under Okawaru
  8339 | D:8      | Reached skill level 5 in Fighting
  8339 | D:8      | Reached XP level 10. HP: 59/81 MP: 10/14
  9016 | D:9      | Slain by a freezing wraith

Vault maps used:
D:1:      scummos_arrival_star
D:2:      first_ration
D:3:      chequers_ecumenical_altar_simple_redux, serial_glass, glass_columns_a,
          glass_columns_a, glass_columns_c, glass_columns_b, glass_columns_a,
          glass_columns_a, minmay_strange_pillars, minmay_strange_pillars,
          feat_on_display, minmay_strange_pillars,
          ebering_ghost_reflecting_pool, xom_redecorated
D:4:      minmay_overflow_temple_star_hex
D:5:      minmay_temple_entry_statues_fountains, serial_shops, shop_fountains,
          minmay_misc_feat_doors
D:6:      good_gods_temple_1, uniq_prince_ribbit1
D:7:      chequers_ossuary_entry_cave
D:8:      serial_corexii_hall, chequers_hall_statues_corner_a,
          corexii_hall_statues_l
D:9:      lemuel_round_altar, nicolae_dithmenos_through_a_glass_darkly,
          chequers_temple_overflow_minitemple, hellmonk_ghost_happy_afterlife
Temple:   grunt_temple_mini_profane
Ossuary:  ossuary_due_cavern

Skill      XL: |  1  2  3  4  5  6  7  8  9 |
---------------+----------------------------+-----
Axes           | 2 3 4 5 6 8 9 10 | 10.9
Invocations    | 2 5 7 |  7.7
Fighting       | 5 |  5.8
Armour         | |  2.6
Shields        | |  2.6

Action                   |  1- 3 |  4- 6 |  7- 9 | 10-12 || total
-------------------------+-------+-------+-------+-------++-------
Melee: War axe           |   116 |   287 |   381 |       ||   784
       Morningstar       |       |       |   121 |    49 ||   170
Invok: Heroism           |       |       |       |     1 ||     1
Evoke: Wand              |       |       |     5 |       ||     5
  Use: Potion            |       |     4 |     2 |     2 ||     8
       Scroll            |       |       |     7 |       ||     7
 Stab: Paralysed         |       |       |     3 |       ||     3
  Eat: Chunk             |     2 |    13 |    30 |       ||    45
Armor: Scale mail        |    66 |    33 |       |       ||    99
       Chain mail        |       |   153 |   102 |       ||   255
       Plate armour      |       |       |   143 |    41 ||   184
Dodge: Dodged            |    52 |    65 |    88 |    18 ||   223
Block: Shield            |    63 |   138 |   191 |    26 ||   418

Table legend:
 A = Non-vault XP
 B = Vault XP
 C = Vault XP percentage of total XP
 D = Non-vault monster count
 E = Vault monster count
 F = Vault count percentage of total count
                 A         B        C        D         E       F
            +---------+---------+-------+---------+---------+-------
      Total |    4816 |     997 |  17.2 |     184 |      14 |   7.1
            +---------+---------+-------+---------+---------+-------
        D:1 |      27 |       0 |   0.0 |      17 |       0 |   0.0
        D:2 |      49 |       0 |   0.0 |      14 |       0 |   0.0
        D:3 |     145 |       0 |   0.0 |      29 |       0 |   0.0
        D:4 |     331 |       0 |   0.0 |      21 |       0 |   0.0
        D:5 |     639 |       0 |   0.0 |      27 |       0 |   0.0
        D:6 |     702 |     255 |  26.6 |      18 |       1 |   5.3
        D:7 |     578 |       0 |   0.0 |      15 |       0 |   0.0
        D:8 |    1970 |       0 |   0.0 |      40 |       0 |   0.0
        D:9 |     375 |       0 |   0.0 |       3 |       0 |   0.0
    Ossuary |       0 |     742 | 100.0 |       0 |      13 | 100.0
            +---------+---------+-------+---------+---------+-------
